 Dungeon Crawl Stone Soup version 0.27.1-1-g398f81649c (webtiles) character file.

Game seed: 8110465239589739037

155124 pokedragonboy the Severer (level 18, -12/148 HPs)
             Began as a Formicid Fighter on Sept 13, 2021.
             Was the Champion of Okawaru.
             Mangled by a salamander tyrant (25 damage)
             ... on level 4 of the Snake Pit on Sept 14, 2021.
             The game lasted 01:57:30 (35036 turns).

pokedragonboy the Severer (Formicid Fighter)       Turns: 35036, Time: 01:57:31

Health: -12/148    AC: 28    Str: 34    XL:     18   Next: 27%
Magic:  20/32      EV: 11    Int:  9    God:    Okawaru [******]
Gold:   1991       SH: 30    Dex: 16    Spells: 17/17 levels left

rFire    . . .     SeeInvis +   a - +4 battleaxe (freeze)
rCold    + + +     Faith    .   u - +0 tower shield
rNeg     + . .     Spirit   .   L - +1 plate armour {rC+}
rPois    +         Reflect  +   (helmet unavailable)
rElec    .         Harm     .   K - +1 cloak {Stlth+}
rCorr    .         Rampage  .   c - +1 pair of gloves {Stlth+}
Will     +....                  p - +1 pair of boots
Stlth    ..........             w - amulet "Merchuu" {Reflect Dex+4 SH+5}
HPRegen  0.34/turn              V - ring "Rukkaol" {rPois Str+6 Dex+2}
MPRegen  0.23/turn              z - ring "Liyjuss" {rC+++ rN+ MP+9 Slay+5 Stlth-}

@: heroic, weakened
A: permanent stasis, dig shafts and tunnels, antennae 3, four strong arms
a: Dig, Shaft Self, Renounce Religion, Heroism, Finesse


You were on level 4 of the Snake Pit.
You worshipped Okawaru.
Okawaru was exalted by your worship.
You visited 5 branches of the dungeon, and saw 27 of its levels.
You visited the Abyss 1 time.
You also visited: Sewer, Bailey and Ice Cave.

You collected 3105 gold pieces.
You spent 1114 gold pieces at shops.

Inventory:

Hand Weapons
 a - a +4 battleaxe of freezing (weapon)
 b - a +2 morningstar of freezing
Missiles
 g - 2 silver javelins
 l - 7 throwing nets
 U - 5 javelins (quivered)
Armour
 c - a +1 pair of gloves of stealth (worn)
 p - a +1 pair of boots (worn)
 u - a +0 tower shield (worn)
 K - a +1 cloak of stealth (worn)
 L - a +1 plate armour of cold resistance (worn)
 P - a +2 kite shield of protection
Jewellery
 w - the amulet "Merchuu" (around neck) {Reflect Dex+4 SH+5}
   (You found it on level 5 of the Dungeon)

   [amulet of reflection]

   It reflects blocked missile attacks.
   Dex:       It affects your dexterity (+4).
   SH:        It affects your SH (+5).
 z - the ring "Liyjuss" (right hand) {rC+++ rN+ MP+9 Slay+5 Stlth-}
   (You bought it in a shop on level 2 of the Orcish Mines)

   [ring of magical power]

   Slay:      It affects your accuracy & damage with ranged weapons and melee
   (+5).
   rC:        It renders you almost immune to cold.
   rN:        It protects you from negative energy.
   MP:        It affects your magic capacity (+9).
   Stlth:     It makes you less stealthy.
 B - a ring of flight
 D - a +6 ring of intelligence
 F - a ring of wizardry
 V - the ring "Rukkaol" (left hand) {rPois Str+6 Dex+2}
   (You found it on level 12 of the Dungeon)

   [ring of strength]

   Str:       It affects your strength (+6).
   Dex:       It affects your dexterity (+2).
   rPois:     It protects you from poison.
 W - a ring of protection from fire
Wands
 i - a wand of polymorph (12)
 v - a wand of charming (9)
 x - a wand of flame (77)
 C - a wand of paralysis (49)
 E - a wand of acid (28)
 T - a wand of iceblast (27)
Scrolls
 m - 10 scrolls of identify
 q - 10 scrolls of enchant weapon
 s - 2 scrolls of amnesia
 t - 2 scrolls of summoning
 y - a scroll of brand weapon
 G - a scroll of magic mapping {unknown}
 H - 3 scrolls of vulnerability
 I - 5 scrolls of enchant armour
 J - a scroll of holy word
 N - 4 scrolls of fog
 Q - 4 scrolls of acquirement
 S - 3 scrolls of silence
Potions
 d - 6 potions of might
 e - 3 potions of magic
 f - 3 potions of resistance
 h - 3 potions of curing
 j - 4 potions of invisibility
 k - a potion of ambrosia
 n - 3 potions of attraction
 o - 9 potions of cancellation
 r - a potion of brilliance {unknown}
 A - 3 potions of lignification
 Y - 3 potions of mutation
 Z - a potion of flight
Miscellaneous
 M - a tin of tremorstones (2/2)
 O - a box of beasts
 R - a lightning rod (4/4)


   Skills:
 + Level 14.8(19.8) Fighting
 * Level 18.4(23.4) Axes
 - Level 5.0(10.0) Throwing
 + Level 15.1(20.1) Armour
 - Level 15.0(20.0) Shields
 - Level 7.0 Invocations
 - Level 5.0 Evocations


You had 17 spell levels left.
You didn't know any spells.
Your spell library contained the following spells:

 Spells                   Type           Power      Damage    Failure   Level
 Magic Dart               Conj           0%         1d3       80%         1
 Shock                    Conj/Air       0%         1d3       80%         1
 Corpse Rot               Necr/Air       N/A        N/A       91%         2
 Passwall                 Tmut/Erth      0%         N/A       91%         2
 Poisonous Vapours        Pois/Air       0%         N/A       91%         2
 Searing Ray              Conj           0%         3d3       91%         2
 Slow                     Hex            0%         N/A       91%         2
 Dazzling Flash           Conj/Hex       0%         N/A       99%         3
 Gell's Gravitas          Tloc           0%         N/A       99%         3
 Stone Arrow              Conj/Erth      0%         3d7       99%         3
 Teleport Other           Tloc           0%         N/A       99%         3
 Airstrike                Air            0%         N/A       100%        4
 Animate Armour           Summ/Erth      0%         N/A       100%        4
 Fulminant Prism          Conj/Hex       0%         3d6       100%        4
 Ice Form                 Ice/Tmut       0%         N/A       100%        4
 Iskenderun's Mystic Bla  Conj/Tloc      0%         2d3       100%        4
 Leda's Liquefaction      Hex/Erth       0%         N/A       100%        4
 Petrify                  Tmut/Erth      0%         N/A       100%        4
 Bolt of Magma            Conj/Fire/Erth 0%         4d4       100%        5
 Freezing Cloud           Conj/Ice/Air   0%         6-21      100%        5
 Manifold Assault         Tloc           0%         N/A       100%        5
 Metabolic Englaciation   Hex/Ice        0%         N/A       100%        5
 Dispersal                Tloc           0%         N/A       100%        6
 Invisibility             Hex            0%         N/A       100%        6
 Starburst                Conj/Fire      0%         6d3       100%        6
 Statue Form              Tmut/Erth      0%         N/A       100%        6
 Spellforged Servitor     Conj/Summ      0%         N/A       100%        7
 Storm Form               Tmut/Air       0%         N/A       100%        7
 Disjunction              Tloc           0%         N/A       100%        8
 Dragon's Call            Summ           0%         N/A       100%        9
 Polar Vortex             Ice            0%         N/A       100%        9
 Shatter                  Erth           0%         3d5*      100%        9
 Blink                    Tloc           Unusable   N/A       N/A         2
 Swiftness                Air            Unusable   N/A       N/A         3

Dungeon Overview and Level Annotations

Branches:
Dungeon (15/15)            Temple (1/1) D:4            Lair (5/6) D:10
  Swamp (0/4) Lair:4        Snake (4/4) Lair:4        Slime (0/5) Lair:5
    Orc (2/2) D:9             Elf (0/3) Orc:2        Vaults (0/5) D:13
 Depths (0/5) D:15          Sewer (visited)          Bailey (visited)
  IceCv (visited)

Altars:
Ashenzari
Cheibriados
Dithmenos
Elyvilon
Fedhas
Gozag
Hepliaklqana
Kikubaaqudgha
Makhleb
Nemelex Xobeh
Okawaru
Qazlal
Ru
Sif Muna
Trog
Uskayaw
Vehumet
Wu Jian
Xom
Yredelemnul
Zin
The Shining One
Jiyva

Shops:
D:1 [   D:4 *   Orc:1 *   Orc:2 =:*(   Snake:1 =

Portals:
Trove: D:15 (give horn of Geryon)

Annotations:
D:12 3 runed translucent doors, Lyic's ghost, journeyman DrTm
Lair:5 Stash


Innate Abilities, Weirdness & Mutations

You cannot be hasted, slowed, berserked, paralysed or teleported.
You can dig through walls and to a lower floor.
You have a pair of large antennae on your head. (SInv)
Your four strong arms can wield two-handed weapons with a shield.


Message History

The naga warrior spits poison at you.
The splash of poison reflects off an invisible shield around you!
The splash of poison hits the naga warrior.
You feel sick.
The naga sharpshooter gestures wildly while chanting.
The naga sharpshooter magically shoots a bolt.
The bolt hits you!
The salamander tyrant gazes fiercely through you!
You feel as though you will be weak longer.
You closely miss the mana viper.
You hit the salamander tyrant but do no damage.
You feel sick.
The salamander no longer looks unusually strong. x2
The mana viper bites you!
You feel your power leaking away. You block the salamander's attack.
You block the naga warrior's attack.
Okay, then.
You closely miss the mana viper. You barely miss the salamander tyrant.
You feel sick. The salamander tyrant hits you!
You are engulfed in flames!!
* * * LOW HITPOINT WARNING * * *
The mana viper bites you but does no damage.
You block the naga warrior's attack. You block the salamander's attack.
Unknown command.
You feel better.
The naga warrior hits you but does no damage.
You block the mana viper's attack.
The salamander tyrant barely misses you.
You block the salamander's attack.
You gain the combat prowess of a mighty hero.
You block the naga warrior's attack. You block the mana viper's attack.
The shock serpent shoots out a bolt of lightning at you!
The bolt of electricity hits the mana viper!
The bolt of electricity hits you!
* * * LOW HITPOINT WARNING * * *
The bolt of electricity hits you!!
* * * LOW HITPOINT WARNING * * *
The salamander tyrant hits you.
* * * LOW HITPOINT WARNING * * *
You are engulfed in flames!!
You die...

.##.........#.##...........##....
##..........##..##.......).#.....
##............####......[##......
..##.........## #...............
.##)#####.....####...####........
####.# ##.....##.#### ##........
# ### ##'''##########.##...... #
###....)#####.....##...... ##
#...≈≈≈NS@##......###..... .##
#.#..≈≈≈SN#.#......# #..... #÷# #
#..≈§§.N#N#......####.... .)#
#.§≈≈§N.#N#.......# #..#. .##
#..§§§≈..)##.......# ###.# .#
###..§..#####.....######.# ###
##§#'## ###..###.....# ..# .....
###..#.....# ### ......
#.###....#


You could see a naga warrior (fast), a naga sharpshooter, a salamander tyrant
(strong), a salamander mystic, 2 salamanders, a shock serpent and a mana viper.

Vanquished Creatures
  Rupert (D:13)
  Frances (D:14)
  2 nagarajas (Snake:4)
  Kirke (D:12)
  2 orc warlords (Orc:2)
  Aizul (Snake:3)
  A stone giant (D:15)
  2 very ugly things (IceCv)
  Josephine (D:15)
  Harold (D:7)
  9 naga warriors
  A rakshasa (Abyss:3)
  A boulder beetle (D:13)
  An ogre mage (Orc:1)
  A caustic shrike simulacrum (IceCv)
  2 salamander tyrants (Snake:4)
  12 hydras
  A catoblepas (Lair:5)
  8 anacondas
  4 centaur warriors
  A satyr (Abyss:3)
  5 two-headed ogres
  3 thrashing horrors (Abyss:3)
  8 shock serpents
  3 orc high priests (Orc:2)
  6 tengu warriors
  6 naga sharpshooters
  Nergalle (Lair:4)
  4 skeletal warriors (D:14)
  3 salamander mystics
  2 wretched stars (Abyss:3)
  2 naga ritualists
  2 wizards (D:15)
  An orange crystal statue (IceCv)
  A deep elf pyromancer (D:12)
  A harpy (shapeshifter) (D:12)
  4 manticores
  7 orc knights
  10 ugly things
  8 salamanders
  7 mana vipers
  8 orc sorcerers
  A cyclops (D:12)
  A worldbinder (Abyss:3)
  4 guardian serpents
  17 naga magi
  A black mamba (shapeshifter) (D:14)
  35 black mambas
  A guardian serpent (shapeshifter) (D:15)
  2 centaur skeletons (D:13)
  A hellion (Abyss:3)
  2 gargoyles
  2 rime drakes
  14 cane toads
  An efreet (Abyss:3)
  A kobold demonologist (D:10)
  2 freezing wraiths (IceCv)
  6 komodo dragons
  2 ancient zymes (Abyss:3)
  A tengu conjurer (D:14)
  An anaconda simulacrum (IceCv)
  3 polar bears
  A hellwing (Abyss:3)
  A golden dragon simulacrum (IceCv)
  A tyrant leech (Lair:4)
  2 hornets
  4 trolls
  A queen bee (shapeshifter) (D:12)
  7 slime creatures
  21 blink frogs
  3 large abominations (Abyss:3)
  2 dream sheep (D:13)
  2 vampires
  A centaur simulacrum (D:13)
  A redback (D:13)
  A shadow (D:11)
  A ynoxinul (Abyss:3)
  A dire elephant simulacrum (IceCv)
  A human (shapeshifter) (D:14)
  16 humans (D:13)
  4 basilisks
  22 yaks
  3 wyverns
  6 wraiths
  Grum (D:8)
  4 hogs (D:12)
  A steam dragon (Lair:3)
  A neqoxec (Abyss:3)
  A harpy simulacrum (IceCv)
  30 nagas
  A swamp worm (Lair:4)
  2 acid dragons
  4 wargs
  2 small abominations (Abyss:3)
  An acid dragon (shapeshifter) (D:12)
  22 water moccasins
  A hydra simulacrum (IceCv)
  An alligator simulacrum (IceCv)
  41 orc warriors
  2 necrophages
  2 black bears
  An ice beast (D:6)
  16 ogres
  A snapping turtle skeleton (Abyss:3)
  4 wolves (D:8)
  10 centaurs
  12 kobold brigands
  Blork the orc (D:6)
  15 bullfrogs
  3 scorpions
  2 water moccasin zombies
  3 gnoll sergeants
  A water moccasin skeleton (D:5)
  A lindwurm simulacrum (IceCv)
  11 wights
  4 howler monkeys
  4 centaur zombies
  9 hounds
  7 jellies
  11 orc priests
  3 gnoll shamans
  6 iguanas
  17 orc wizards
  A hound skeleton (D:4)
  2 howler monkey zombies
  9 river rats
  14 adders
  11 gnolls
  A shadow imp (D:6)
  2 white imps (D:6)
  2 ufetubi (Abyss:3)
  An adder skeleton (D:4)
  An adder zombie (D:5)
  4 dart slugs
  57 orcs
  7 bats
  4 endoplasms
  2 giant cockroaches
  3 goblins
  15 hobgoblins
  6 jackals
  2 quokkas
  10 ball pythons
  A frilled lizard (D:3)
  43 kobolds
  24 rats
827 creatures vanquished.

Vanquished Creatures (others)
  Nessos (D:13)
  A blink frog (Lair:3)
  41 fungi
  74 plants
117 creatures vanquished.

Grand Total: 944 creatures vanquished

Notes
Turn   | Place    | Note
-------+----------+-------------------------------------------
     0 | D:1      | pokedragonboy the Formicid Fighter began the quest for the
                  | Orb.
     0 | D:1      | Reached XP level 1. HP: 18/18 MP: 1/1
   186 | D:1      | Reached XP level 2. HP: 24/24 MP: 2/2
   334 | D:1      | Found Imnichud's Antique Armour Shop.
   699 | D:2      | Reached XP level 3. HP: 9/29 MP: 3/3
   699 | D:2      | Reached XP level 4. HP: 11/36 MP: 4/4
  1068 | D:2      | Reached skill level 3 in Axes
  1681 | D:3      | Reached XP level 5. HP: 42/42 MP: 5/5
  1896 | D:3      | Reached skill level 5 in Shields
  2323 | D:4      | Reached XP level 6. HP: 8/48 MP: 6/6
  2701 | D:4      | Found a staircase to the Ecumenical Temple.
  2711 | Temple   | Entered the Ecumenical Temple
  2732 | Temple   | Became a worshipper of Warmaster Okawaru
  2936 | D:4      | Found Tieluu's Elemental Accessories.
  3478 | D:5      | Entered Level 5 of the Dungeon
  3931 | D:5      | Reached skill level 4 in Axes
  4059 | D:5      | Reached skill level 1 in Invocations
  4059 | D:5      | Reached XP level 7. HP: 51/55 MP: 7/7
  4234 | D:5      | Found a shimmering altar of Xom.
  4236 | D:5      | Reached * piety under Okawaru
  4767 | D:5      | Identified the amulet "Merchuu" {Reflect Dex+4 SH+5}
  4828 | D:5      | Reached XP level 8. HP: 45/59 MP: 9/9
  4940 | D:6      | Reached skill level 5 in Axes
  5079 | D:6      | Reached skill level 5 in Fighting
  5079 | D:6      | Reached skill level 5 in Armour
  5261 | D:6      | Reached ** piety under Okawaru
  5302 | D:6      | Noticed Blork the orc
  5315 | D:6      | Killed Blork the orc
  5398 | D:6      | Found a glowing drain.
  5403 | Sewer    | Entered a sewer
  5797 | Sewer    | Reached skill level 6 in Axes
  5797 | Sewer    | Reached XP level 9. HP: 66/68 MP: 11/11
  6666 | D:6      | Reached *** piety under Okawaru
  6707 | D:6      | Reached skill level 7 in Axes
  7486 | D:7      | Noticed Harold
  7499 | D:7      | Killed Harold
  7499 | D:7      | Reached **** piety under Okawaru
  7500 | D:7      | Reached skill level 5 in Invocations
  7500 | D:7      | Reached XP level 10. HP: 49/77 MP: 13/13
  7666 | D:7      | Reached skill level 8 in Axes
  8275 | D:8      | Reached ***** piety under Okawaru
  8445 | D:8      | Noticed Grum
  8457 | D:8      | Killed Grum
  9076 | D:9      | Noticed a gargoyle
  9101 | D:9      | Reached skill level 9 in Axes
  9106 | D:9      | Reached skill level 10 in Shields
  9106 | D:9      | Reached XP level 11. HP: 72/84 MP: 15/15
  9113 | D:9      | Received a gift from Okawaru
  9262 | D:9      | Noticed a two-headed ogre
  9273 | D:9      | Killed a two-headed ogre
  9330 | D:9      | Found a staircase to the Orcish Mines.
  9386 | D:9      | Reached skill level 10 in Axes
  9750 | D:10     | Entered Level 10 of the Dungeon
  9995 | D:10     | Found a flagged portal.
 10009 | Bailey   | Entered a bailey
 10173 | Bailey   | Identified the +1 robe of the Iron City of Dis {rN+}
 10179 | Bailey   | Got Sif Muna's Guide on the Icy Oath
 10373 | D:10     | Found a staircase to the Lair.
 10767 | Lair:1   | Entered Level 1 of the Lair of Beasts
 10799 | Lair:1   | Reached XP level 12. HP: 94/94 MP: 17/17
 10812 | Lair:1   | Reached skill level 1 in Evocations
 10818 | Lair:1   | Noticed a seven-headed hydra
 10830 | Lair:1   | Killed a seven-headed hydra
 10830 | Lair:1   | Identified the +3 scale mail "Letyel" {Regen+ Int+3 SInv
                  | Stlth-} (Okawaru gifted it to you on level 1 of the Lair of
                  | Beasts)
 10830 | Lair:1   | Received a gift from Okawaru
 10878 | Lair:1   | Reached skill level 11 in Axes
 11382 | Lair:1   | You fall into a shaft and drop 1 floor!
 11382 | Lair:2   | Noticed an eight-headed hydra
 11991 | Lair:2   | Killed an eight-headed hydra
 12193 | Lair:2   | Identified the +2 quarterstaff of the Shore {vorpal, Str+4}
 12290 | Lair:2   | Reached skill level 10 in Armour
 12296 | Lair:2   | Reached XP level 13. HP: 63/102 MP: 18/18
 12488 | Lair:2   | Received a gift from Okawaru
 12580 | Lair:2   | Reached skill level 12 in Axes
 13240 | Lair:3   | Reached skill level 10 in Fighting
 13570 | Lair:3   | Reached skill level 5 in Evocations
 13773 | Lair:3   | Received a gift from Okawaru
 14508 | Lair:4   | Found a staircase to the Snake Pit.
 14804 | Lair:4   | Noticed Nergalle
 14817 | Lair:4   | Killed Nergalle
 14884 | Lair:4   | Noticed a six-headed hydra
 14895 | Lair:4   | Killed a six-headed hydra
 15312 | Lair:4   | Noticed an eight-headed hydra
 15316 | Lair:4   | Killed an eight-headed hydra
 15317 | Lair:4   | Reached skill level 13 in Axes
 15382 | Lair:4   | Noticed a six-headed hydra
 15388 | Lair:4   | Noticed a six-headed hydra
 15389 | Lair:4   | Killed a six-headed hydra
 15389 | Lair:4   | Reached ****** piety under Okawaru
 15393 | Lair:4   | Killed a six-headed hydra
 15554 | Lair:4   | Found a staircase to the Swamp.
 15765 | Lair:5   | Reached XP level 14. HP: 111/111 MP: 19/19
 15818 | Lair:5   | Found a staircase to the Slime Pits.
 15834 | Lair:5   | Identified 4 scrolls of acquirement
 16210 | Lair:5   | Received a gift from Okawaru
 18122 | D:11     | Received a gift from Okawaru
 18666 | D:12     | Found a runed translucent gate.
 19086 | D:12     | Identified the ring "Rukkaol" {rPois Str+6 Dex+2}
 19779 | D:12     | Found a runed translucent gate.
 19779 | D:12     | Found a runed translucent gate.
 19780 | D:12     | Noticed Lyic's ghost (journeyman DrTm)
 19780 | D:12     | Identified the +1 eveningstar "Yshreroqy" {vorpal, Int+9}
 19780 | D:12     | Identified the amulet "Fuoda" {Acrobat Fragile rF+ rCorr}
 19781 | D:12     | Found an iron altar of Okawaru.
 19800 | D:12     | Noticed Kirke
 19803 | D:12     | Reached skill level 14 in Axes
 19965 | D:12     | Killed Kirke
 20393 | D:13     | Noticed Rupert
 20393 | D:13     | Noticed Nessos
 20393 | D:13     | Found a gate to the Vaults.
 20474 | Orc:1    | Entered Level 1 of the Orcish Mines
 20481 | Orc:1    | Received a gift from Okawaru
 21450 | Orc:1    | Reached XP level 15. HP: 120/120 MP: 20/20
 21501 | Orc:1    | Found Niano's Assorted Antiques.
 21639 | Orc:2    | Entered Level 2 of the Orcish Mines
 21709 | Orc:2    | Noticed an orc warlord
 21737 | Orc:2    | Killed an orc warlord
 21967 | Orc:2    | Noticed an orc warlord
 21994 | Orc:2    | Killed an orc warlord
 22417 | Orc:2    | Reached skill level 15 in Shields
 22423 | Orc:2    | Received a gift from Okawaru
 22803 | Orc:2    | Found Ceec's Book Boutique.
 22803 | Orc:2    | Found Sunu's Jewellery Shoppe.
 22805 | Orc:2    | Found Suoxt's Weapon Boutique.
 22805 | Orc:2    | Found Cimy's General Store.
 22823 | Orc:2    | Bought the ring "Liyjuss" {rC+++ rN+ MP+9 Slay+5 Stlth-}
                  | for 858 gold pieces
 22984 | Orc:2    | Found a staircase to the Elven Halls.
 23493 | D:1      | Bought a pair of faintly humming boots for 256 gold pieces
 23493 | D:1      | Identified the +0 pair of boots "Pautouff" {rC+ rCorr
                  | Dex-4} (You bought it in a shop on level 1 of the Dungeon)
 23781 | D:13     | Reached skill level 15 in Axes
 24031 | D:13     | Killed Nessos
 24043 | D:13     | Killed Rupert
 24645 | D:13     | Received a gift from Okawaru
 25511 | D:14     | Reached XP level 16. HP: 129/129 MP: 21/21
 25529 | D:14     | Received a gift from Okawaru
 25650 | D:14     | Reached skill level 1 in Throwing
 25973 | D:14     | Noticed Frances
 25984 | D:14     | Killed Frances
 26208 | D:15     | Entered Level 15 of the Dungeon
 26306 | D:15     | Found a portal to a secret trove of treasure.
 26394 | D:15     | Noticed Josephine
 26402 | D:15     | Killed Josephine
 26403 | D:15     | Reached skill level 16 in Axes
 26441 | D:15     | Cast into level 3 of the Abyss (a wizard)
 26526 | Abyss:3  | Found a corrupted altar of Lugonu.
 26566 | Abyss:3  | Found a corrupted altar of Lugonu.
 26823 | Abyss:3  | Noticed a thorn hunter
 26881 | Abyss:3  | Noticed a bone dragon
 27044 | Abyss:3  | Noticed a daeva
 27065 | Abyss:3  | Noticed a hellephant
 27082 | D:15     | Escaped the Abyss
 27164 | D:15     | Found a viscous altar of Jiyva.
 27426 | D:15     | Found a staircase to the Depths.
 28296 | Snake:1  | Entered Level 1 of the Snake Pit
 28312 | Snake:1  | Found Humagh's Jewellery Emporium.
 28340 | Snake:1  | Identified the +3 hand crossbow "Asicuin" {vorpal, rElec
                  | rPois rF- SInv}
 28383 | Snake:1  | Received a gift from Okawaru
 28808 | Snake:1  | Found a frozen archway.
 28818 | Snake:1  | Reached XP level 17. HP: 119/137 MP: 22/22
 28828 | IceCv    | Entered an ice cave
 28840 | IceCv    | Reached skill level 5 in Throwing
 29030 | IceCv    | Found a transporter.
 29039 | IceCv    | Found a transporter.
 29069 | IceCv    | Got Dispater's Volume of Companions
 29571 | Snake:1  | Reached skill level 17 in Axes
 29625 | Snake:1  | Received a gift from Okawaru
 30696 | Snake:2  | Received a gift from Okawaru
 31092 | Snake:3  | Noticed Aizul
 31111 | Snake:3  | Killed Aizul
 31355 | Snake:3  | HP: 5/139 [shock serpent/bolt of electricity (25)]
 33336 | Snake:4  | Entered Level 4 of the Snake Pit
 33630 | Snake:4  | Reached skill level 18 in Axes
 33711 | Snake:4  | Found a radiant altar of Vehumet.
 33912 | Snake:4  | Received a gift from Okawaru
 33931 | Snake:4  | Reached XP level 18. HP: 94/147 MP: 23/23
 34801 | Snake:4  | Reached skill level 15 in Armour
 35036 | Snake:4  | Mangled by a salamander tyrant

Illustrated notes

Levels and vault maps discovered:
D:1:      eino_arrival_water_cross, layout_loops_cross, serial_shops,
          shop_statue
D:2:      layout_basic, minmay_pentomino_o2
D:3:      layout_loops_corners, chequers_serial_rivers_micro_e
D:4:      layout_loops_ring, minmay_temple_entry_gardened_gates,
          nicolae_elemental_shop, minmay_misc_feat_chi
D:5:      layout_rooms, marbit_many_paths
D:6:      kennysheep_housing_project, layout_basic, gup_sewer_entry_bowl,
          serial_corexii_hall, corexii_hall_statues_x,
          chequers_hall_statues_corner_a, patterned_corridor, uniq_blork_the_orc
D:7:      layout_loops_corners, uniq_harold
D:8:      layout_loops_ring, nrook_uturn, uniq_grum
D:9:      layout_roguey, kennysheep_orc_monster_closet_entryway,
          supply_closet_lemuel
D:10:     layout_gridville, lair_entry_dummy, enter_bailey_6,
          nicolae_benzene_ring
D:11:     layout_stronghold
D:12:     minmay_bloctagon_deflated, layout_grid_maze,
          gammafunk_ghost_fury_of_okawaru, minmay_radiant, uniq_kirke
D:13:     layout_loops_cross, david_vaults_3, hangedman_weighted_door,
          hangedman_ranch
D:14:     layout_roguey, uniq_frances, uniq_nessos
D:15:     grunt_enter_depths_snipers, layout_stronghold, gauntlet_entry_generic,
          enter_trove_6, jiyva_altar_1, uniq_josephine
Temple:   minmay_crystal_snake_temple
Lair:1:   layout_cave_pods, beast_lair_carwin_1, grunt_megastairs_5
Lair:2:   minmay_lair_venomous_thicket, layout_gridlike
Lair:3:   layout_chaotic_city
Lair:4:   layout_regular_city, palyth_hydra_swamp_entry, dummy_snake_entry,
          uniq_nergalle
Lair:5:   layout_layer_cave, nicolae_slime_entry_slimehenge,
          hangedman_lair_generics_rect
Snake:1:  layout_misc_corridors, portal_ice_cave_entry_pillars_1,
          grunt_megastairs_3, minmay_shop_star
Snake:2:  layout_onion_interference, drop_trap
Snake:3:  layout_misc_corridors, uniq_aizul
Snake:4:  grunt_snake_rune_pools, layout_chambers, basic_altar
Orc:1:    layout_caves, serial_shops, shop
Orc:2:    grunt_orc_tribal_feast, layout_diamond_mine

Skill      XL: |  1  2  3  4  5  6  7  8  9 10 11 12 13 14 15 16 17 18 |
---------------+-------------------------------------------------------+-----
Shields        | 4 5 6 7 9 10 11 12 14 15 | 15.0
Axes           | 3 4 6 7 9 10 11 13 14 15 16 18 | 18.4
Fighting       | 4 5 6 7 8 9 10 11 12 13 14 | 14.8
Armour         | 4 5 7 8 9 10 11 13 14 15 | 15.1
Invocations    | 1 2 3 5 7 |  7.0
Evocations     | 4 5 |  5.0
Throwing       | 4 5 |  5.0

Action                   |  1- 3 |  4- 6 |  7- 9 | 10-12 | 13-15 | 16-18 || total
-------------------------+-------+-------+-------+-------+-------+-------++-------
Melee: War axe           |    60 |   159 |    89 |       |       |       ||   308
       Battleaxe         |       |       |   199 |   330 |   746 |   653 ||  1928
       Morningstar       |       |       |       |    12 |    49 |     3 ||    64
Throw: Javelin           |       |       |       |       |       |     5 ||     5
Invok: Heroism           |       |       |     1 |     4 |     1 |     9 ||    15
       Finesse           |       |       |       |       |       |     1 ||     1
 Abil: Dig               |       |     3 |     5 |    15 |    29 |    17 ||    69
Evoke: Wand              |       |       |       |       |     1 |     9 ||    10
  Use: Scroll            |       |       |    10 |     8 |     8 |     1 ||    27
       Potion            |       |       |     1 |     1 |     3 |    19 ||    24
Armor: Scale mail        |    40 |    72 |    10 |       |       |       ||   122
       Plate armour      |       |       |    67 |   145 |   214 |   158 ||   584
Dodge: Dodged            |    35 |    57 |    47 |    82 |   133 |    87 ||   441
Block: Kite shield       |    43 |    97 |   242 |   375 |   682 |       ||  1439
       Reflection        |       |       |    13 |    74 |    24 |    77 ||   188
       Tower shield      |       |       |       |       |     9 |   714 ||   723
